%YAML 1.1
%TAG !u! tag:unity3d.com,2011:
--- !u!1 &134701454226088340
GameObject:
  m_ObjectHideFlags: 0
  m_CorrespondingSourceObject: {fileID: 0}
  m_PrefabInstance: {fileID: 0}
  m_PrefabAsset: {fileID: 0}
  serializedVersion: 6
  m_Component:
  - component: {fileID: 7801991430413724009}
  - component: {fileID: 8298598627091093451}
  - component: {fileID: 1781853638350184686}
  - component: {fileID: 2652500012059277480}
  m_Layer: 8
  m_Name: Muro (4)
  m_TagString: Muro
  m_Icon: {fileID: 0}
  m_NavMeshLayer: 0
  m_StaticEditorFlags: 0
  m_IsActive: 1
--- !u!4 &7801991430413724009
Transform:
  m_ObjectHideFlags: 0
  m_CorrespondingSourceObject: {fileID: 0}
  m_PrefabInstance: {fileID: 0}
  m_PrefabAsset: {fileID: 0}
  m_GameObject: {fileID: 134701454226088340}
  m_LocalRotation: {x: -0, y: -0, z: -0, w: 1}
  m_LocalPosition: {x: -6.6, y: 0, z: -6.5}
  m_LocalScale: {x: 1, y: 10, z: 8}
  m_ConstrainProportionsScale: 0
  m_Children: []
  m_Father: {fileID: 2042492020216532433}
  m_RootOrder: 1
  m_LocalEulerAnglesHint: {x: 0, y: 0, z: 0}
--- !u!33 &8298598627091093451
MeshFilter:
  m_ObjectHideFlags: 0
  m_CorrespondingSourceObject: {fileID: 0}
  m_PrefabInstance: {fileID: 0}
  m_PrefabAsset: {fileID: 0}
  m_GameObject: {fileID: 134701454226088340}
  m_Mesh: {fileID: 10202, guid: 0000000000000000e000000000000000, type: 0}
--- !u!23 &1781853638350184686
MeshRenderer:
  m_ObjectHideFlags: 0
  m_CorrespondingSourceObject: {fileID: 0}
  m_PrefabInstance: {fileID: 0}
  m_PrefabAsset: {fileID: 0}
  m_GameObject: {fileID: 134701454226088340}
  m_Enabled: 1
  m_CastShadows: 1
  m_ReceiveShadows: 1
  m_DynamicOccludee: 1
  m_StaticShadowCaster: 0
  m_MotionVectors: 1
  m_LightProbeUsage: 1
  m_ReflectionProbeUsage: 1
  m_RayTracingMode: 2
  m_RayTraceProcedural: 0
  m_RenderingLayerMask: 1
  m_RendererPriority: 0
  m_Materials:
  - {fileID: 2100000, guid: d25f5679ac8b89a4b9d0d6b616af1906, type: 2}
  m_StaticBatchInfo:
    firstSubMesh: 0
    subMeshCount: 0
  m_StaticBatchRoot: {fileID: 0}
  m_ProbeAnchor: {fileID: 0}
  m_LightProbeVolumeOverride: {fileID: 0}
  m_ScaleInLightmap: 1
  m_ReceiveGI: 1
  m_PreserveUVs: 0
  m_IgnoreNormalsForChartDetection: 0
  m_ImportantGI: 0
  m_StitchLightmapSeams: 1
  m_SelectedEditorRenderState: 3
  m_MinimumChartSize: 4
  m_AutoUVMaxDistance: 0.5
  m_AutoUVMaxAngle: 89
  m_LightmapParameters: {fileID: 0}
  m_SortingLayerID: 0
  m_SortingLayer: 0
  m_SortingOrder: 0
  m_AdditionalVertexStreams: {fileID: 0}
--- !u!65 &2652500012059277480
BoxCollider:
  m_ObjectHideFlags: 0
  m_CorrespondingSourceObject: {fileID: 0}
  m_PrefabInstance: {fileID: 0}
  m_PrefabAsset: {fileID: 0}
  m_GameObject: {fileID: 134701454226088340}
  m_Material: {fileID: 0}
  m_IncludeLayers:
    serializedVersion: 2
    m_Bits: 0
  m_ExcludeLayers:
    serializedVersion: 2
    m_Bits: 0
  m_LayerOverridePriority: 0
  m_IsTrigger: 0
  m_ProvidesContacts: 0
  m_Enabled: 1
  serializedVersion: 3
  m_Size: {x: 1, y: 1, z: 1}
  m_Center: {x: 0, y: 0, z: 0}
--- !u!1 &540243372362949416
GameObject:
  m_ObjectHideFlags: 0
  m_CorrespondingSourceObject: {fileID: 0}
  m_PrefabInstance: {fileID: 0}
  m_PrefabAsset: {fileID: 0}
  serializedVersion: 6
  m_Component:
  - component: {fileID: 2781963667977562304}
  - component: {fileID: 1367139299489830439}
  - component: {fileID: 7699426102785814732}
  - component: {fileID: 2028655541699311290}
  m_Layer: 8
  m_Name: Muro (1)
  m_TagString: Muro
  m_Icon: {fileID: 0}
  m_NavMeshLayer: 0
  m_StaticEditorFlags: 0
  m_IsActive: 1
--- !u!4 &2781963667977562304
Transform:
  m_ObjectHideFlags: 0
  m_CorrespondingSourceObject: {fileID: 0}
  m_PrefabInstance: {fileID: 0}
  m_PrefabAsset: {fileID: 0}
  m_GameObject: {fileID: 540243372362949416}
  m_LocalRotation: {x: -0, y: -0, z: -0, w: 1}
  m_LocalPosition: {x: -6.6, y: 0, z: 6.5}
  m_LocalScale: {x: 1, y: 10, z: 8}
  m_ConstrainProportionsScale: 0
  m_Children: []
  m_Father: {fileID: 2042492020216532433}
  m_RootOrder: 0
  m_LocalEulerAnglesHint: {x: 0, y: 0, z: 0}
--- !u!33 &1367139299489830439
MeshFilter:
  m_ObjectHideFlags: 0
  m_CorrespondingSourceObject: {fileID: 0}
  m_PrefabInstance: {fileID: 0}
  m_PrefabAsset: {fileID: 0}
  m_GameObject: {fileID: 540243372362949416}
  m_Mesh: {fileID: 10202, guid: 0000000000000000e000000000000000, type: 0}
--- !u!23 &7699426102785814732
MeshRenderer:
  m_ObjectHideFlags: 0
  m_CorrespondingSourceObject: {fileID: 0}
  m_PrefabInstance: {fileID: 0}
  m_PrefabAsset: {fileID: 0}
  m_GameObject: {fileID: 540243372362949416}
  m_Enabled: 1
  m_CastShadows: 1
  m_ReceiveShadows: 1
  m_DynamicOccludee: 1
  m_StaticShadowCaster: 0
  m_MotionVectors: 1
  m_LightProbeUsage: 1
  m_ReflectionProbeUsage: 1
  m_RayTracingMode: 2
  m_RayTraceProcedural: 0
  m_RenderingLayerMask: 1
  m_RendererPriority: 0
  m_Materials:
  - {fileID: 2100000, guid: d25f5679ac8b89a4b9d0d6b616af1906, type: 2}
  m_StaticBatchInfo:
    firstSubMesh: 0
    subMeshCount: 0
  m_StaticBatchRoot: {fileID: 0}
  m_ProbeAnchor: {fileID: 0}
  m_LightProbeVolumeOverride: {fileID: 0}
  m_ScaleInLightmap: 1
  m_ReceiveGI: 1
  m_PreserveUVs: 0
  m_IgnoreNormalsForChartDetection: 0
  m_ImportantGI: 0
  m_StitchLightmapSeams: 1
  m_SelectedEditorRenderState: 3
  m_MinimumChartSize: 4
  m_AutoUVMaxDistance: 0.5
  m_AutoUVMaxAngle: 89
  m_LightmapParameters: {fileID: 0}
  m_SortingLayerID: 0
  m_SortingLayer: 0
  m_SortingOrder: 0
  m_AdditionalVertexStreams: {fileID: 0}
--- !u!65 &2028655541699311290
BoxCollider:
  m_ObjectHideFlags: 0
  m_CorrespondingSourceObject: {fileID: 0}
  m_PrefabInstance: {fileID: 0}
  m_PrefabAsset: {fileID: 0}
  m_GameObject: {fileID: 540243372362949416}
  m_Material: {fileID: 0}
  m_IncludeLayers:
    serializedVersion: 2
    m_Bits: 0
  m_ExcludeLayers:
    serializedVersion: 2
    m_Bits: 0
  m_LayerOverridePriority: 0
  m_IsTrigger: 0
  m_ProvidesContacts: 0
  m_Enabled: 1
  serializedVersion: 3
  m_Size: {x: 1, y: 1, z: 1}
  m_Center: {x: 0, y: 0, z: 0}
--- !u!1 &2478230393695693480
GameObject:
  m_ObjectHideFlags: 0
  m_CorrespondingSourceObject: {fileID: 0}
  m_PrefabInstance: {fileID: 0}
  m_PrefabAsset: {fileID: 0}
  serializedVersion: 6
  m_Component:
  - component: {fileID: 5693326366418462138}
  - component: {fileID: 7877427407854043861}
  - component: {fileID: 7844027896174820571}
  - component: {fileID: 1989561377666562436}
  m_Layer: 8
  m_Name: Muro (8)
  m_TagString: Muro
  m_Icon: {fileID: 0}
  m_NavMeshLayer: 0
  m_StaticEditorFlags: 0
  m_IsActive: 1
--- !u!4 &5693326366418462138
Transform:
  m_ObjectHideFlags: 0
  m_CorrespondingSourceObject: {fileID: 0}
  m_PrefabInstance: {fileID: 0}
  m_PrefabAsset: {fileID: 0}
  m_GameObject: {fileID: 2478230393695693480}
  m_LocalRotation: {x: -0, y: -0.70710576, z: -0, w: 0.70710784}
  m_LocalPosition: {x: -1.66, y: 0, z: 0.08}
  m_LocalScale: {x: 1, y: 10, z: 17.4424}
  m_ConstrainProportionsScale: 0
  m_Children: []
  m_Father: {fileID: 2042492020216532433}
  m_RootOrder: 4
  m_LocalEulerAnglesHint: {x: 0, y: -90.00001, z: 0}
--- !u!33 &7877427407854043861
MeshFilter:
  m_ObjectHideFlags: 0
  m_CorrespondingSourceObject: {fileID: 0}
  m_PrefabInstance: {fileID: 0}
  m_PrefabAsset: {fileID: 0}
  m_GameObject: {fileID: 2478230393695693480}
  m_Mesh: {fileID: 10202, guid: 0000000000000000e000000000000000, type: 0}
--- !u!23 &7844027896174820571
MeshRenderer:
  m_ObjectHideFlags: 0
  m_CorrespondingSourceObject: {fileID: 0}
  m_PrefabInstance: {fileID: 0}
  m_PrefabAsset: {fileID: 0}
  m_GameObject: {fileID: 2478230393695693480}
  m_Enabled: 1
  m_CastShadows: 1
  m_ReceiveShadows: 1
  m_DynamicOccludee: 1
  m_StaticShadowCaster: 0
  m_MotionVectors: 1
  m_LightProbeUsage: 1
  m_ReflectionProbeUsage: 1
  m_RayTracingMode: 2
  m_RayTraceProcedural: 0
  m_RenderingLayerMask: 1
  m_RendererPriority: 0
  m_Materials:
  - {fileID: 2100000, guid: d25f5679ac8b89a4b9d0d6b616af1906, type: 2}
  m_StaticBatchInfo:
    firstSubMesh: 0
    subMeshCount: 0
  m_StaticBatchRoot: {fileID: 0}
  m_ProbeAnchor: {fileID: 0}
  m_LightProbeVolumeOverride: {fileID: 0}
  m_ScaleInLightmap: 1
  m_ReceiveGI: 1
  m_PreserveUVs: 0
  m_IgnoreNormalsForChartDetection: 0
  m_ImportantGI: 0
  m_StitchLightmapSeams: 1
  m_SelectedEditorRenderState: 3
  m_MinimumChartSize: 4
  m_AutoUVMaxDistance: 0.5
  m_AutoUVMaxAngle: 89
  m_LightmapParameters: {fileID: 0}
  m_SortingLayerID: 0
  m_SortingLayer: 0
  m_SortingOrder: 0
  m_AdditionalVertexStreams: {fileID: 0}
--- !u!65 &1989561377666562436
BoxCollider:
  m_ObjectHideFlags: 0
  m_CorrespondingSourceObject: {fileID: 0}
  m_PrefabInstance: {fileID: 0}
  m_PrefabAsset: {fileID: 0}
  m_GameObject: {fileID: 2478230393695693480}
  m_Material: {fileID: 0}
  m_IncludeLayers:
    serializedVersion: 2
    m_Bits: 0
  m_ExcludeLayers:
    serializedVersion: 2
    m_Bits: 0
  m_LayerOverridePriority: 0
  m_IsTrigger: 0
  m_ProvidesContacts: 0
  m_Enabled: 1
  serializedVersion: 3
  m_Size: {x: 1, y: 1, z: 1}
  m_Center: {x: 0, y: 0, z: 0}
--- !u!1 &3123424423979195233
GameObject:
  m_ObjectHideFlags: 0
  m_CorrespondingSourceObject: {fileID: 0}
  m_PrefabInstance: {fileID: 0}
  m_PrefabAsset: {fileID: 0}
  serializedVersion: 6
  m_Component:
  - component: {fileID: 5027835763155500855}
  - component: {fileID: 5120117707540588483}
  m_Layer: 0
  m_Name: Ambiente Omega refactoring
  m_TagString: Untagged
  m_Icon: {fileID: 0}
  m_NavMeshLayer: 0
  m_StaticEditorFlags: 0
  m_IsActive: 1
--- !u!4 &5027835763155500855
Transform:
  m_ObjectHideFlags: 0
  m_CorrespondingSourceObject: {fileID: 0}
  m_PrefabInstance: {fileID: 0}
  m_PrefabAsset: {fileID: 0}
  m_GameObject: {fileID: 3123424423979195233}
  m_LocalRotation: {x: 0, y: 0, z: 0, w: 1}
  m_LocalPosition: {x: 0, y: 0, z: 0}
  m_LocalScale: {x: 1, y: 1, z: 1}
  m_ConstrainProportionsScale: 0
  m_Children:
  - {fileID: 489080840739597706}
  - {fileID: 5444560772780404958}
  - {fileID: 1851201249357788652}
  - {fileID: 2042492020216532433}
  - {fileID: 711951625010111206}
  m_Father: {fileID: 0}
  m_RootOrder: 0
  m_LocalEulerAnglesHint: {x: 0, y: 0, z: 0}
--- !u!114 &5120117707540588483
MonoBehaviour:
  m_ObjectHideFlags: 0
  m_CorrespondingSourceObject: {fileID: 0}
  m_PrefabInstance: {fileID: 0}
  m_PrefabAsset: {fileID: 0}
  m_GameObject: {fileID: 3123424423979195233}
  m_Enabled: 1
  m_EditorHideFlags: 0
  m_Script: {fileID: 11500000, guid: 3f7c6a01ab2137d4db5915922572c4e0, type: 3}
  m_Name: 
  m_EditorClassIdentifier: 
  maxSteps: 1000
  canvasScore: {fileID: 3316366693480017734}
--- !u!1 &3276453530352908363
GameObject:
  m_ObjectHideFlags: 0
  m_CorrespondingSourceObject: {fileID: 0}
  m_PrefabInstance: {fileID: 0}
  m_PrefabAsset: {fileID: 0}
  serializedVersion: 6
  m_Component:
  - component: {fileID: 1494107066032636496}
  - component: {fileID: 3510703061506237353}
  - component: {fileID: 697646485987364591}
  - component: {fileID: 1473021316780075481}
  m_Layer: 8
  m_Name: Muro (3)
  m_TagString: Muro
  m_Icon: {fileID: 0}
  m_NavMeshLayer: 0
  m_StaticEditorFlags: 0
  m_IsActive: 0
--- !u!4 &1494107066032636496
Transform:
  m_ObjectHideFlags: 0
  m_CorrespondingSourceObject: {fileID: 0}
  m_PrefabInstance: {fileID: 0}
  m_PrefabAsset: {fileID: 0}
  m_GameObject: {fileID: 3276453530352908363}
  m_LocalRotation: {x: -0, y: -0.70710576, z: -0, w: 0.70710784}
  m_LocalPosition: {x: 1.6613, y: 0, z: 3}
  m_LocalScale: {x: 1, y: 10, z: 17.4424}
  m_ConstrainProportionsScale: 0
  m_Children: []
  m_Father: {fileID: 2042492020216532433}
  m_RootOrder: 2
  m_LocalEulerAnglesHint: {x: 0, y: -90.00001, z: 0}
--- !u!33 &3510703061506237353
MeshFilter:
  m_ObjectHideFlags: 0
  m_CorrespondingSourceObject: {fileID: 0}
  m_PrefabInstance: {fileID: 0}
  m_PrefabAsset: {fileID: 0}
  m_GameObject: {fileID: 3276453530352908363}
  m_Mesh: {fileID: 10202, guid: 0000000000000000e000000000000000, type: 0}
--- !u!23 &697646485987364591
MeshRenderer:
  m_ObjectHideFlags: 0
  m_CorrespondingSourceObject: {fileID: 0}
  m_PrefabInstance: {fileID: 0}
  m_PrefabAsset: {fileID: 0}
  m_GameObject: {fileID: 3276453530352908363}
  m_Enabled: 1
  m_CastShadows: 1
  m_ReceiveShadows: 1
  m_DynamicOccludee: 1
  m_StaticShadowCaster: 0
  m_MotionVectors: 1
  m_LightProbeUsage: 1
  m_ReflectionProbeUsage: 1
  m_RayTracingMode: 2
  m_RayTraceProcedural: 0
  m_RenderingLayerMask: 1
  m_RendererPriority: 0
  m_Materials:
  - {fileID: 2100000, guid: d25f5679ac8b89a4b9d0d6b616af1906, type: 2}
  m_StaticBatchInfo:
    firstSubMesh: 0
    subMeshCount: 0
  m_StaticBatchRoot: {fileID: 0}
  m_ProbeAnchor: {fileID: 0}
  m_LightProbeVolumeOverride: {fileID: 0}
  m_ScaleInLightmap: 1
  m_ReceiveGI: 1
  m_PreserveUVs: 0
  m_IgnoreNormalsForChartDetection: 0
  m_ImportantGI: 0
  m_StitchLightmapSeams: 1
  m_SelectedEditorRenderState: 3
  m_MinimumChartSize: 4
  m_AutoUVMaxDistance: 0.5
  m_AutoUVMaxAngle: 89
  m_LightmapParameters: {fileID: 0}
  m_SortingLayerID: 0
  m_SortingLayer: 0
  m_SortingOrder: 0
  m_AdditionalVertexStreams: {fileID: 0}
--- !u!65 &1473021316780075481
BoxCollider:
  m_ObjectHideFlags: 0
  m_CorrespondingSourceObject: {fileID: 0}
  m_PrefabInstance: {fileID: 0}
  m_PrefabAsset: {fileID: 0}
  m_GameObject: {fileID: 3276453530352908363}
  m_Material: {fileID: 0}
  m_IncludeLayers:
    serializedVersion: 2
    m_Bits: 0
  m_ExcludeLayers:
    serializedVersion: 2
    m_Bits: 0
  m_LayerOverridePriority: 0
  m_IsTrigger: 0
  m_ProvidesContacts: 0
  m_Enabled: 1
  serializedVersion: 3
  m_Size: {x: 1, y: 1, z: 1}
  m_Center: {x: 0, y: 0, z: 0}
--- !u!1 &5242023292216271264
GameObject:
  m_ObjectHideFlags: 0
  m_CorrespondingSourceObject: {fileID: 0}
  m_PrefabInstance: {fileID: 0}
  m_PrefabAsset: {fileID: 0}
  serializedVersion: 6
  m_Component:
  - component: {fileID: 5444560772780404958}
  m_Layer: 0
  m_Name: Targets
  m_TagString: Untagged
  m_Icon: {fileID: 0}
  m_NavMeshLayer: 0
  m_StaticEditorFlags: 0
  m_IsActive: 1
--- !u!4 &5444560772780404958
Transform:
  m_ObjectHideFlags: 0
  m_CorrespondingSourceObject: {fileID: 0}
  m_PrefabInstance: {fileID: 0}
  m_PrefabAsset: {fileID: 0}
  m_GameObject: {fileID: 5242023292216271264}
  m_LocalRotation: {x: -0, y: -0, z: -0, w: 1}
  m_LocalPosition: {x: 0, y: 0, z: 0}
  m_LocalScale: {x: 1, y: 1, z: 1}
  m_ConstrainProportionsScale: 0
  m_Children:
  - {fileID: 759162577210468720}
  - {fileID: 3557024603558728376}
  - {fileID: 3609107929035995134}
  - {fileID: 7322729784171600606}
  - {fileID: 6771333095043276287}
  - {fileID: 5927333214998710333}
  - {fileID: 4289161668385019645}
  - {fileID: 7859982509644901620}
  - {fileID: 8911922780248607786}
  m_Father: {fileID: 5027835763155500855}
  m_RootOrder: 1
  m_LocalEulerAnglesHint: {x: 0, y: 0, z: 0}
--- !u!1 &5892033815258769915
GameObject:
  m_ObjectHideFlags: 0
  m_CorrespondingSourceObject: {fileID: 0}
  m_PrefabInstance: {fileID: 0}
  m_PrefabAsset: {fileID: 0}
  serializedVersion: 6
  m_Component:
  - component: {fileID: 2042492020216532433}
  m_Layer: 0
  m_Name: MuriInterni
  m_TagString: Untagged
  m_Icon: {fileID: 0}
  m_NavMeshLayer: 0
  m_StaticEditorFlags: 0
  m_IsActive: 1
--- !u!4 &2042492020216532433
Transform:
  m_ObjectHideFlags: 0
  m_CorrespondingSourceObject: {fileID: 0}
  m_PrefabInstance: {fileID: 0}
  m_PrefabAsset: {fileID: 0}
  m_GameObject: {fileID: 5892033815258769915}
  m_LocalRotation: {x: -0, y: -0, z: -0, w: 1}
  m_LocalPosition: {x: 0, y: 0, z: 0}
  m_LocalScale: {x: 1, y: 1, z: 1}
  m_ConstrainProportionsScale: 0
  m_Children:
  - {fileID: 2781963667977562304}
  - {fileID: 7801991430413724009}
  - {fileID: 1494107066032636496}
  - {fileID: 844982964293277675}
  - {fileID: 5693326366418462138}
  - {fileID: 1711588376629951880}
  - {fileID: 6157150983833519763}
  - {fileID: 4913090923262935231}
  - {fileID: 8829714389272641058}
  - {fileID: 6739905931825929422}
  m_Father: {fileID: 5027835763155500855}
  m_RootOrder: 3
  m_LocalEulerAnglesHint: {x: 0, y: 0, z: 0}
--- !u!1 &6456310802192161813
GameObject:
  m_ObjectHideFlags: 0
  m_CorrespondingSourceObject: {fileID: 0}
  m_PrefabInstance: {fileID: 0}
  m_PrefabAsset: {fileID: 0}
  serializedVersion: 6
  m_Component:
  - component: {fileID: 489080840739597706}
  m_Layer: 0
  m_Name: Agents
  m_TagString: Untagged
  m_Icon: {fileID: 0}
  m_NavMeshLayer: 0
  m_StaticEditorFlags: 0
  m_IsActive: 1
--- !u!4 &489080840739597706
Transform:
  m_ObjectHideFlags: 0
  m_CorrespondingSourceObject: {fileID: 0}
  m_PrefabInstance: {fileID: 0}
  m_PrefabAsset: {fileID: 0}
  m_GameObject: {fileID: 6456310802192161813}
  m_LocalRotation: {x: 0, y: 0, z: 0, w: 1}
  m_LocalPosition: {x: -8.45, y: 0, z: 0}
  m_LocalScale: {x: 1, y: 1, z: 1}
  m_ConstrainProportionsScale: 0
  m_Children:
  - {fileID: 1014660806378214619}
  m_Father: {fileID: 5027835763155500855}
  m_RootOrder: 0
  m_LocalEulerAnglesHint: {x: 0, y: 0, z: 0}
--- !u!1 &6558097551164909651
GameObject:
  m_ObjectHideFlags: 0
  m_CorrespondingSourceObject: {fileID: 0}
  m_PrefabInstance: {fileID: 0}
  m_PrefabAsset: {fileID: 0}
  serializedVersion: 6
  m_Component:
  - component: {fileID: 4913090923262935231}
  - component: {fileID: 4458292385116616469}
  - component: {fileID: 3303879936157064496}
  - component: {fileID: 5944307279364792956}
  m_Layer: 8
  m_Name: Muro (5)
  m_TagString: Muro
  m_Icon: {fileID: 0}
  m_NavMeshLayer: 0
  m_StaticEditorFlags: 0
  m_IsActive: 1
--- !u!4 &4913090923262935231
Transform:
  m_ObjectHideFlags: 0
  m_CorrespondingSourceObject: {fileID: 0}
  m_PrefabInstance: {fileID: 0}
  m_PrefabAsset: {fileID: 0}
  m_GameObject: {fileID: 6558097551164909651}
  m_LocalRotation: {x: -0, y: -0, z: -0, w: 1}
  m_LocalPosition: {x: 3, y: 0, z: 6.5}
  m_LocalScale: {x: 1, y: 10, z: 8}
  m_ConstrainProportionsScale: 0
  m_Children: []
  m_Father: {fileID: 2042492020216532433}
  m_RootOrder: 7
  m_LocalEulerAnglesHint: {x: 0, y: 0, z: 0}
--- !u!33 &4458292385116616469
MeshFilter:
  m_ObjectHideFlags: 0
  m_CorrespondingSourceObject: {fileID: 0}
  m_PrefabInstance: {fileID: 0}
  m_PrefabAsset: {fileID: 0}
  m_GameObject: {fileID: 6558097551164909651}
  m_Mesh: {fileID: 10202, guid: 0000000000000000e000000000000000, type: 0}
--- !u!23 &3303879936157064496
MeshRenderer:
  m_ObjectHideFlags: 0
  m_CorrespondingSourceObject: {fileID: 0}
  m_PrefabInstance: {fileID: 0}
  m_PrefabAsset: {fileID: 0}
  m_GameObject: {fileID: 6558097551164909651}
  m_Enabled: 1
  m_CastShadows: 1
  m_ReceiveShadows: 1
  m_DynamicOccludee: 1
  m_StaticShadowCaster: 0
  m_MotionVectors: 1
  m_LightProbeUsage: 1
  m_ReflectionProbeUsage: 1
  m_RayTracingMode: 2
  m_RayTraceProcedural: 0
  m_RenderingLayerMask: 1
  m_RendererPriority: 0
  m_Materials:
  - {fileID: 2100000, guid: d25f5679ac8b89a4b9d0d6b616af1906, type: 2}
  m_StaticBatchInfo:
    firstSubMesh: 0
    subMeshCount: 0
  m_StaticBatchRoot: {fileID: 0}
  m_ProbeAnchor: {fileID: 0}
  m_LightProbeVolumeOverride: {fileID: 0}
  m_ScaleInLightmap: 1
  m_ReceiveGI: 1
  m_PreserveUVs: 0
  m_IgnoreNormalsForChartDetection: 0
  m_ImportantGI: 0
  m_StitchLightmapSeams: 1
  m_SelectedEditorRenderState: 3
  m_MinimumChartSize: 4
  m_AutoUVMaxDistance: 0.5
  m_AutoUVMaxAngle: 89
  m_LightmapParameters: {fileID: 0}
  m_SortingLayerID: 0
  m_SortingLayer: 0
  m_SortingOrder: 0
  m_AdditionalVertexStreams: {fileID: 0}
--- !u!65 &5944307279364792956
BoxCollider:
  m_ObjectHideFlags: 0
  m_CorrespondingSourceObject: {fileID: 0}
  m_PrefabInstance: {fileID: 0}
  m_PrefabAsset: {fileID: 0}
  m_GameObject: {fileID: 6558097551164909651}
  m_Material: {fileID: 0}
  m_IncludeLayers:
    serializedVersion: 2
    m_Bits: 0
  m_ExcludeLayers:
    serializedVersion: 2
    m_Bits: 0
  m_LayerOverridePriority: 0
  m_IsTrigger: 0
  m_ProvidesContacts: 0
  m_Enabled: 1
  serializedVersion: 3
  m_Size: {x: 1, y: 1, z: 1}
  m_Center: {x: 0, y: 0, z: 0}
--- !u!1 &6941190264681983140
GameObject:
  m_ObjectHideFlags: 0
  m_CorrespondingSourceObject: {fileID: 0}
  m_PrefabInstance: {fileID: 0}
  m_PrefabAsset: {fileID: 0}
  serializedVersion: 6
  m_Component:
  - component: {fileID: 1711588376629951880}
  - component: {fileID: 2800461321669661967}
  - component: {fileID: 2072324996361242103}
  - component: {fileID: 914716707354405451}
  m_Layer: 8
  m_Name: Muro (2)
  m_TagString: Muro
  m_Icon: {fileID: 0}
  m_NavMeshLayer: 0
  m_StaticEditorFlags: 0
  m_IsActive: 1
--- !u!4 &1711588376629951880
Transform:
  m_ObjectHideFlags: 0
  m_CorrespondingSourceObject: {fileID: 0}
  m_PrefabInstance: {fileID: 0}
  m_PrefabAsset: {fileID: 0}
  m_GameObject: {fileID: 6941190264681983140}
  m_LocalRotation: {x: -0, y: -0, z: -0, w: 1}
  m_LocalPosition: {x: 6.6, y: 0, z: 0}
  m_LocalScale: {x: 1, y: 10, z: 14}
  m_ConstrainProportionsScale: 0
  m_Children: []
  m_Father: {fileID: 2042492020216532433}
  m_RootOrder: 5
  m_LocalEulerAnglesHint: {x: 0, y: 0, z: 0}
--- !u!33 &2800461321669661967
MeshFilter:
  m_ObjectHideFlags: 0
  m_CorrespondingSourceObject: {fileID: 0}
  m_PrefabInstance: {fileID: 0}
  m_PrefabAsset: {fileID: 0}
  m_GameObject: {fileID: 6941190264681983140}
  m_Mesh: {fileID: 10202, guid: 0000000000000000e000000000000000, type: 0}
--- !u!23 &2072324996361242103
MeshRenderer:
  m_ObjectHideFlags: 0
  m_CorrespondingSourceObject: {fileID: 0}
  m_PrefabInstance: {fileID: 0}
  m_PrefabAsset: {fileID: 0}
  m_GameObject: {fileID: 6941190264681983140}
  m_Enabled: 1
  m_CastShadows: 1
  m_ReceiveShadows: 1
  m_DynamicOccludee: 1
  m_StaticShadowCaster: 0
  m_MotionVectors: 1
  m_LightProbeUsage: 1
  m_ReflectionProbeUsage: 1
  m_RayTracingMode: 2
  m_RayTraceProcedural: 0
  m_RenderingLayerMask: 1
  m_RendererPriority: 0
  m_Materials:
  - {fileID: 2100000, guid: d25f5679ac8b89a4b9d0d6b616af1906, type: 2}
  m_StaticBatchInfo:
    firstSubMesh: 0
    subMeshCount: 0
  m_StaticBatchRoot: {fileID: 0}
  m_ProbeAnchor: {fileID: 0}
  m_LightProbeVolumeOverride: {fileID: 0}
  m_ScaleInLightmap: 1
  m_ReceiveGI: 1
  m_PreserveUVs: 0
  m_IgnoreNormalsForChartDetection: 0
  m_ImportantGI: 0
  m_StitchLightmapSeams: 1
  m_SelectedEditorRenderState: 3
  m_MinimumChartSize: 4
  m_AutoUVMaxDistance: 0.5
  m_AutoUVMaxAngle: 89
  m_LightmapParameters: {fileID: 0}
  m_SortingLayerID: 0
  m_SortingLayer: 0
  m_SortingOrder: 0
  m_AdditionalVertexStreams: {fileID: 0}
--- !u!65 &914716707354405451
BoxCollider:
  m_ObjectHideFlags: 0
  m_CorrespondingSourceObject: {fileID: 0}
  m_PrefabInstance: {fileID: 0}
  m_PrefabAsset: {fileID: 0}
  m_GameObject: {fileID: 6941190264681983140}
  m_Material: {fileID: 0}
  m_IncludeLayers:
    serializedVersion: 2
    m_Bits: 0
  m_ExcludeLayers:
    serializedVersion: 2
    m_Bits: 0
  m_LayerOverridePriority: 0
  m_IsTrigger: 0
  m_ProvidesContacts: 0
  m_Enabled: 1
  serializedVersion: 3
  m_Size: {x: 1, y: 1, z: 1}
  m_Center: {x: 0, y: 0, z: 0}
--- !u!1 &8157865911144198213
GameObject:
  m_ObjectHideFlags: 0
  m_CorrespondingSourceObject: {fileID: 0}
  m_PrefabInstance: {fileID: 0}
  m_PrefabAsset: {fileID: 0}
  serializedVersion: 6
  m_Component:
  - component: {fileID: 844982964293277675}
  - component: {fileID: 3961002016376116826}
  - component: {fileID: 4041399611846618414}
  - component: {fileID: 1727963372749748139}
  m_Layer: 8
  m_Name: Muro (7)
  m_TagString: Muro
  m_Icon: {fileID: 0}
  m_NavMeshLayer: 0
  m_StaticEditorFlags: 0
  m_IsActive: 0
--- !u!4 &844982964293277675
Transform:
  m_ObjectHideFlags: 0
  m_CorrespondingSourceObject: {fileID: 0}
  m_PrefabInstance: {fileID: 0}
  m_PrefabAsset: {fileID: 0}
  m_GameObject: {fileID: 8157865911144198213}
  m_LocalRotation: {x: -0, y: -0.70710576, z: -0, w: 0.70710784}
  m_LocalPosition: {x: 1.6613, y: 0, z: -3}
  m_LocalScale: {x: 1, y: 10, z: 17.4424}
  m_ConstrainProportionsScale: 0
  m_Children: []
  m_Father: {fileID: 2042492020216532433}
  m_RootOrder: 3
  m_LocalEulerAnglesHint: {x: 0, y: -90.00001, z: 0}
--- !u!33 &3961002016376116826
MeshFilter:
  m_ObjectHideFlags: 0
  m_CorrespondingSourceObject: {fileID: 0}
  m_PrefabInstance: {fileID: 0}
  m_PrefabAsset: {fileID: 0}
  m_GameObject: {fileID: 8157865911144198213}
  m_Mesh: {fileID: 10202, guid: 0000000000000000e000000000000000, type: 0}
--- !u!23 &4041399611846618414
MeshRenderer:
  m_ObjectHideFlags: 0
  m_CorrespondingSourceObject: {fileID: 0}
  m_PrefabInstance: {fileID: 0}
  m_PrefabAsset: {fileID: 0}
  m_GameObject: {fileID: 8157865911144198213}
  m_Enabled: 1
  m_CastShadows: 1
  m_ReceiveShadows: 1
  m_DynamicOccludee: 1
  m_StaticShadowCaster: 0
  m_MotionVectors: 1
  m_LightProbeUsage: 1
  m_ReflectionProbeUsage: 1
  m_RayTracingMode: 2
  m_RayTraceProcedural: 0
  m_RenderingLayerMask: 1
  m_RendererPriority: 0
  m_Materials:
  - {fileID: 2100000, guid: d25f5679ac8b89a4b9d0d6b616af1906, type: 2}
  m_StaticBatchInfo:
    firstSubMesh: 0
    subMeshCount: 0
  m_StaticBatchRoot: {fileID: 0}
  m_ProbeAnchor: {fileID: 0}
  m_LightProbeVolumeOverride: {fileID: 0}
  m_ScaleInLightmap: 1
  m_ReceiveGI: 1
  m_PreserveUVs: 0
  m_IgnoreNormalsForChartDetection: 0
  m_ImportantGI: 0
  m_StitchLightmapSeams: 1
  m_SelectedEditorRenderState: 3
  m_MinimumChartSize: 4
  m_AutoUVMaxDistance: 0.5
  m_AutoUVMaxAngle: 89
  m_LightmapParameters: {fileID: 0}
  m_SortingLayerID: 0
  m_SortingLayer: 0
  m_SortingOrder: 0
  m_AdditionalVertexStreams: {fileID: 0}
--- !u!65 &1727963372749748139
BoxCollider:
  m_ObjectHideFlags: 0
  m_CorrespondingSourceObject: {fileID: 0}
  m_PrefabInstance: {fileID: 0}
  m_PrefabAsset: {fileID: 0}
  m_GameObject: {fileID: 8157865911144198213}
  m_Material: {fileID: 0}
  m_IncludeLayers:
    serializedVersion: 2
    m_Bits: 0
  m_ExcludeLayers:
    serializedVersion: 2
    m_Bits: 0
  m_LayerOverridePriority: 0
  m_IsTrigger: 0
  m_ProvidesContacts: 0
  m_Enabled: 1
  serializedVersion: 3
  m_Size: {x: 1, y: 1, z: 1}
  m_Center: {x: 0, y: 0, z: 0}
--- !u!1 &8450189074296471774
GameObject:
  m_ObjectHideFlags: 0
  m_CorrespondingSourceObject: {fileID: 0}
  m_PrefabInstance: {fileID: 0}
  m_PrefabAsset: {fileID: 0}
  serializedVersion: 6
  m_Component:
  - component: {fileID: 6739905931825929422}
  - component: {fileID: 1999970610651460602}
  - component: {fileID: 805819365600791542}
  - component: {fileID: 2198175054277757593}
  m_Layer: 8
  m_Name: Muro (10)
  m_TagString: Muro
  m_Icon: {fileID: 0}
  m_NavMeshLayer: 0
  m_StaticEditorFlags: 0
  m_IsActive: 1
--- !u!4 &6739905931825929422
Transform:
  m_ObjectHideFlags: 0
  m_CorrespondingSourceObject: {fileID: 0}
  m_PrefabInstance: {fileID: 0}
  m_PrefabAsset: {fileID: 0}
  m_GameObject: {fileID: 8450189074296471774}
  m_LocalRotation: {x: -0, y: -0.70710576, z: -0, w: 0.70710784}
  m_LocalPosition: {x: -1.75, y: 0, z: -2.97}
  m_LocalScale: {x: 1, y: 10, z: 10.5}
  m_ConstrainProportionsScale: 0
  m_Children: []
  m_Father: {fileID: 2042492020216532433}
  m_RootOrder: 9
  m_LocalEulerAnglesHint: {x: 0, y: -90.00001, z: 0}
--- !u!33 &1999970610651460602
MeshFilter:
  m_ObjectHideFlags: 0
  m_CorrespondingSourceObject: {fileID: 0}
  m_PrefabInstance: {fileID: 0}
  m_PrefabAsset: {fileID: 0}
  m_GameObject: {fileID: 8450189074296471774}
  m_Mesh: {fileID: 10202, guid: 0000000000000000e000000000000000, type: 0}
--- !u!23 &805819365600791542
MeshRenderer:
  m_ObjectHideFlags: 0
  m_CorrespondingSourceObject: {fileID: 0}
  m_PrefabInstance: {fileID: 0}
  m_PrefabAsset: {fileID: 0}
  m_GameObject: {fileID: 8450189074296471774}
  m_Enabled: 1
  m_CastShadows: 1
  m_ReceiveShadows: 1
  m_DynamicOccludee: 1
  m_StaticShadowCaster: 0
  m_MotionVectors: 1
  m_LightProbeUsage: 1
  m_ReflectionProbeUsage: 1
  m_RayTracingMode: 2
  m_RayTraceProcedural: 0
  m_RenderingLayerMask: 1
  m_RendererPriority: 0
  m_Materials:
  - {fileID: 2100000, guid: d25f5679ac8b89a4b9d0d6b616af1906, type: 2}
  m_StaticBatchInfo:
    firstSubMesh: 0
    subMeshCount: 0
  m_StaticBatchRoot: {fileID: 0}
  m_ProbeAnchor: {fileID: 0}
  m_LightProbeVolumeOverride: {fileID: 0}
  m_ScaleInLightmap: 1
  m_ReceiveGI: 1
  m_PreserveUVs: 0
  m_IgnoreNormalsForChartDetection: 0
  m_ImportantGI: 0
  m_StitchLightmapSeams: 1
  m_SelectedEditorRenderState: 3
  m_MinimumChartSize: 4
  m_AutoUVMaxDistance: 0.5
  m_AutoUVMaxAngle: 89
  m_LightmapParameters: {fileID: 0}
  m_SortingLayerID: 0
  m_SortingLayer: 0
  m_SortingOrder: 0
  m_AdditionalVertexStreams: {fileID: 0}
--- !u!65 &2198175054277757593
BoxCollider:
  m_ObjectHideFlags: 0
  m_CorrespondingSourceObject: {fileID: 0}
  m_PrefabInstance: {fileID: 0}
  m_PrefabAsset: {fileID: 0}
  m_GameObject: {fileID: 8450189074296471774}
  m_Material: {fileID: 0}
  m_IncludeLayers:
    serializedVersion: 2
    m_Bits: 0
  m_ExcludeLayers:
    serializedVersion: 2
    m_Bits: 0
  m_LayerOverridePriority: 0
  m_IsTrigger: 0
  m_ProvidesContacts: 0
  m_Enabled: 1
  serializedVersion: 3
  m_Size: {x: 1, y: 1, z: 1}
  m_Center: {x: 0, y: 0, z: 0}
--- !u!1 &8602529510477885655
GameObject:
  m_ObjectHideFlags: 0
  m_CorrespondingSourceObject: {fileID: 0}
  m_PrefabInstance: {fileID: 0}
  m_PrefabAsset: {fileID: 0}
  serializedVersion: 6
  m_Component:
  - component: {fileID: 8829714389272641058}
  - component: {fileID: 7917212126571269343}
  - component: {fileID: 7933600433415769408}
  - component: {fileID: 8528941938484174177}
  m_Layer: 8
  m_Name: Muro (6)
  m_TagString: Muro
  m_Icon: {fileID: 0}
  m_NavMeshLayer: 0
  m_StaticEditorFlags: 0
  m_IsActive: 1
--- !u!4 &8829714389272641058
Transform:
  m_ObjectHideFlags: 0
  m_CorrespondingSourceObject: {fileID: 0}
  m_PrefabInstance: {fileID: 0}
  m_PrefabAsset: {fileID: 0}
  m_GameObject: {fileID: 8602529510477885655}
  m_LocalRotation: {x: -0, y: -0, z: -0, w: 1}
  m_LocalPosition: {x: 3, y: 0, z: -6.5}
  m_LocalScale: {x: 1, y: 10, z: 8}
  m_ConstrainProportionsScale: 0
  m_Children: []
  m_Father: {fileID: 2042492020216532433}
  m_RootOrder: 8
  m_LocalEulerAnglesHint: {x: 0, y: 0, z: 0}
--- !u!33 &7917212126571269343
MeshFilter:
  m_ObjectHideFlags: 0
  m_CorrespondingSourceObject: {fileID: 0}
  m_PrefabInstance: {fileID: 0}
  m_PrefabAsset: {fileID: 0}
  m_GameObject: {fileID: 8602529510477885655}
  m_Mesh: {fileID: 10202, guid: 0000000000000000e000000000000000, type: 0}
--- !u!23 &7933600433415769408
MeshRenderer:
  m_ObjectHideFlags: 0
  m_CorrespondingSourceObject: {fileID: 0}
  m_PrefabInstance: {fileID: 0}
  m_PrefabAsset: {fileID: 0}
  m_GameObject: {fileID: 8602529510477885655}
  m_Enabled: 1
  m_CastShadows: 1
  m_ReceiveShadows: 1
  m_DynamicOccludee: 1
  m_StaticShadowCaster: 0
  m_MotionVectors: 1
  m_LightProbeUsage: 1
  m_ReflectionProbeUsage: 1
  m_RayTracingMode: 2
  m_RayTraceProcedural: 0
  m_RenderingLayerMask: 1
  m_RendererPriority: 0
  m_Materials:
  - {fileID: 2100000, guid: d25f5679ac8b89a4b9d0d6b616af1906, type: 2}
  m_StaticBatchInfo:
    firstSubMesh: 0
    subMeshCount: 0
  m_StaticBatchRoot: {fileID: 0}
  m_ProbeAnchor: {fileID: 0}
  m_LightProbeVolumeOverride: {fileID: 0}
  m_ScaleInLightmap: 1
  m_ReceiveGI: 1
  m_PreserveUVs: 0
  m_IgnoreNormalsForChartDetection: 0
  m_ImportantGI: 0
  m_StitchLightmapSeams: 1
  m_SelectedEditorRenderState: 3
  m_MinimumChartSize: 4
  m_AutoUVMaxDistance: 0.5
  m_AutoUVMaxAngle: 89
  m_LightmapParameters: {fileID: 0}
  m_SortingLayerID: 0
  m_SortingLayer: 0
  m_SortingOrder: 0
  m_AdditionalVertexStreams: {fileID: 0}
--- !u!65 &8528941938484174177
BoxCollider:
  m_ObjectHideFlags: 0
  m_CorrespondingSourceObject: {fileID: 0}
  m_PrefabInstance: {fileID: 0}
  m_PrefabAsset: {fileID: 0}
  m_GameObject: {fileID: 8602529510477885655}
  m_Material: {fileID: 0}
  m_IncludeLayers:
    serializedVersion: 2
    m_Bits: 0
  m_ExcludeLayers:
    serializedVersion: 2
    m_Bits: 0
  m_LayerOverridePriority: 0
  m_IsTrigger: 0
  m_ProvidesContacts: 0
  m_Enabled: 1
  serializedVersion: 3
  m_Size: {x: 1, y: 1, z: 1}
  m_Center: {x: 0, y: 0, z: 0}
--- !u!1 &8652432266963727528
GameObject:
  m_ObjectHideFlags: 0
  m_CorrespondingSourceObject: {fileID: 0}
  m_PrefabInstance: {fileID: 0}
  m_PrefabAsset: {fileID: 0}
  serializedVersion: 6
  m_Component:
  - component: {fileID: 6157150983833519763}
  - component: {fileID: 5135544279661434724}
  - component: {fileID: 7237540710218438253}
  - component: {fileID: 7541206506665536603}
  m_Layer: 8
  m_Name: Muro (9)
  m_TagString: Muro
  m_Icon: {fileID: 0}
  m_NavMeshLayer: 0
  m_StaticEditorFlags: 0
  m_IsActive: 1
--- !u!4 &6157150983833519763
Transform:
  m_ObjectHideFlags: 0
  m_CorrespondingSourceObject: {fileID: 0}
  m_PrefabInstance: {fileID: 0}
  m_PrefabAsset: {fileID: 0}
  m_GameObject: {fileID: 8652432266963727528}
  m_LocalRotation: {x: -0, y: -0.70710576, z: -0, w: 0.70710784}
  m_LocalPosition: {x: -1.75, y: 0, z: 2.97}
  m_LocalScale: {x: 1, y: 10, z: 10.5}
  m_ConstrainProportionsScale: 0
  m_Children: []
  m_Father: {fileID: 2042492020216532433}
  m_RootOrder: 6
  m_LocalEulerAnglesHint: {x: 0, y: -90.00001, z: 0}
--- !u!33 &5135544279661434724
MeshFilter:
  m_ObjectHideFlags: 0
  m_CorrespondingSourceObject: {fileID: 0}
  m_PrefabInstance: {fileID: 0}
  m_PrefabAsset: {fileID: 0}
  m_GameObject: {fileID: 8652432266963727528}
  m_Mesh: {fileID: 10202, guid: 0000000000000000e000000000000000, type: 0}
--- !u!23 &7237540710218438253
MeshRenderer:
  m_ObjectHideFlags: 0
  m_CorrespondingSourceObject: {fileID: 0}
  m_PrefabInstance: {fileID: 0}
  m_PrefabAsset: {fileID: 0}
  m_GameObject: {fileID: 8652432266963727528}
  m_Enabled: 1
  m_CastShadows: 1
  m_ReceiveShadows: 1
  m_DynamicOccludee: 1
  m_StaticShadowCaster: 0
  m_MotionVectors: 1
  m_LightProbeUsage: 1
  m_ReflectionProbeUsage: 1
  m_RayTracingMode: 2
  m_RayTraceProcedural: 0
  m_RenderingLayerMask: 1
  m_RendererPriority: 0
  m_Materials:
  - {fileID: 2100000, guid: d25f5679ac8b89a4b9d0d6b616af1906, type: 2}
  m_StaticBatchInfo:
    firstSubMesh: 0
    subMeshCount: 0
  m_StaticBatchRoot: {fileID: 0}
  m_ProbeAnchor: {fileID: 0}
  m_LightProbeVolumeOverride: {fileID: 0}
  m_ScaleInLightmap: 1
  m_ReceiveGI: 1
  m_PreserveUVs: 0
  m_IgnoreNormalsForChartDetection: 0
  m_ImportantGI: 0
  m_StitchLightmapSeams: 1
  m_SelectedEditorRenderState: 3
  m_MinimumChartSize: 4
  m_AutoUVMaxDistance: 0.5
  m_AutoUVMaxAngle: 89
  m_LightmapParameters: {fileID: 0}
  m_SortingLayerID: 0
  m_SortingLayer: 0
  m_SortingOrder: 0
  m_AdditionalVertexStreams: {fileID: 0}
--- !u!65 &7541206506665536603
BoxCollider:
  m_ObjectHideFlags: 0
  m_CorrespondingSourceObject: {fileID: 0}
  m_PrefabInstance: {fileID: 0}
  m_PrefabAsset: {fileID: 0}
  m_GameObject: {fileID: 8652432266963727528}
  m_Material: {fileID: 0}
  m_IncludeLayers:
    serializedVersion: 2
    m_Bits: 0
  m_ExcludeLayers:
    serializedVersion: 2
    m_Bits: 0
  m_LayerOverridePriority: 0
  m_IsTrigger: 0
  m_ProvidesContacts: 0
  m_Enabled: 1
  serializedVersion: 3
  m_Size: {x: 1, y: 1, z: 1}
  m_Center: {x: 0, y: 0, z: 0}
--- !u!1001 &469241503137269696
PrefabInstance:
  m_ObjectHideFlags: 0
  serializedVersion: 2
  m_Modification:
    serializedVersion: 3
    m_TransformParent: {fileID: 5444560772780404958}
    m_Modifications:
    - target: {fileID: 4396988122849710397, guid: d8645800da04d39419f3182da962b1a1, type: 3}
      propertyPath: m_RootOrder
      value: 6
      objectReference: {fileID: 0}
    - target: {fileID: 4396988122849710397, guid: d8645800da04d39419f3182da962b1a1, type: 3}
      propertyPath: m_LocalScale.x
      value: 2.75
      objectReference: {fileID: 0}
    - target: {fileID: 4396988122849710397, guid: d8645800da04d39419f3182da962b1a1, type: 3}
      propertyPath: m_LocalPosition.x
      value: 4.83
      objectReference: {fileID: 0}
    - target: {fileID: 4396988122849710397, guid: d8645800da04d39419f3182da962b1a1, type: 3}
      propertyPath: m_LocalPosition.y
      value: 0
      objectReference: {fileID: 0}
    - target: {fileID: 4396988122849710397, guid: d8645800da04d39419f3182da962b1a1, type: 3}
      propertyPath: m_LocalPosition.z
      value: 3.09
      objectReference: {fileID: 0}
    - target: {fileID: 4396988122849710397, guid: d8645800da04d39419f3182da962b1a1, type: 3}
      propertyPath: m_LocalRotation.w
      value: 1
      objectReference: {fileID: 0}
    - target: {fileID: 4396988122849710397, guid: d8645800da04d39419f3182da962b1a1, type: 3}
      propertyPath: m_LocalRotation.x
      value: 0
      objectReference: {fileID: 0}
    - target: {fileID: 4396988122849710397, guid: d8645800da04d39419f3182da962b1a1, type: 3}
      propertyPath: m_LocalRotation.y
      value: 0
      objectReference: {fileID: 0}
    - target: {fileID: 4396988122849710397, guid: d8645800da04d39419f3182da962b1a1, type: 3}
      propertyPath: m_LocalRotation.z
      value: 0
      objectReference: {fileID: 0}
    - target: {fileID: 4396988122849710397, guid: d8645800da04d39419f3182da962b1a1, type: 3}
      propertyPath: m_LocalEulerAnglesHint.x
      value: 0
      objectReference: {fileID: 0}
    - target: {fileID: 4396988122849710397, guid: d8645800da04d39419f3182da962b1a1, type: 3}
      propertyPath: m_LocalEulerAnglesHint.y
      value: 0
      objectReference: {fileID: 0}
    - target: {fileID: 4396988122849710397, guid: d8645800da04d39419f3182da962b1a1, type: 3}
      propertyPath: m_LocalEulerAnglesHint.z
      value: 0
      objectReference: {fileID: 0}
    - target: {fileID: 5100605169048107219, guid: d8645800da04d39419f3182da962b1a1, type: 3}
      propertyPath: targetType
      value: 1
      objectReference: {fileID: 0}
    - target: {fileID: 5695143438376696120, guid: d8645800da04d39419f3182da962b1a1, type: 3}
      propertyPath: m_Name
      value: Target (6)
      objectReference: {fileID: 0}
    - target: {fileID: 5695143438376696120, guid: d8645800da04d39419f3182da962b1a1, type: 3}
      propertyPath: m_Layer
      value: 19
      objectReference: {fileID: 0}
    m_RemovedComponents: []
    m_RemovedGameObjects: []
    m_AddedGameObjects: []
    m_AddedComponents: []
  m_SourcePrefab: {fileID: 100100000, guid: d8645800da04d39419f3182da962b1a1, type: 3}
--- !u!4 &4289161668385019645 stripped
Transform:
  m_CorrespondingSourceObject: {fileID: 4396988122849710397, guid: d8645800da04d39419f3182da962b1a1, type: 3}
  m_PrefabInstance: {fileID: 469241503137269696}
  m_PrefabAsset: {fileID: 0}
--- !u!1001 &889507523451732869
PrefabInstance:
  m_ObjectHideFlags: 0
  serializedVersion: 2
  m_Modification:
    serializedVersion: 3
    m_TransformParent: {fileID: 5444560772780404958}
    m_Modifications:
    - target: {fileID: 4396988122849710397, guid: d8645800da04d39419f3182da962b1a1, type: 3}
      propertyPath: m_RootOrder
      value: 1
      objectReference: {fileID: 0}
    - target: {fileID: 4396988122849710397, guid: d8645800da04d39419f3182da962b1a1, type: 3}
      propertyPath: m_LocalScale.x
      value: 2.65
      objectReference: {fileID: 0}
    - target: {fileID: 4396988122849710397, guid: d8645800da04d39419f3182da962b1a1, type: 3}
      propertyPath: m_LocalPosition.x
      value: 3.03
      objectReference: {fileID: 0}
    - target: {fileID: 4396988122849710397, guid: d8645800da04d39419f3182da962b1a1, type: 3}
      propertyPath: m_LocalPosition.y
      value: 0
      objectReference: {fileID: 0}
    - target: {fileID: 4396988122849710397, guid: d8645800da04d39419f3182da962b1a1, type: 3}
      propertyPath: m_LocalPosition.z
      value: -1.42
      objectReference: {fileID: 0}
    - target: {fileID: 4396988122849710397, guid: d8645800da04d39419f3182da962b1a1, type: 3}
      propertyPath: m_LocalRotation.w
      value: 0.7071068
      objectReference: {fileID: 0}
    - target: {fileID: 4396988122849710397, guid: d8645800da04d39419f3182da962b1a1, type: 3}
      propertyPath: m_LocalRotation.x
      value: 0
      objectReference: {fileID: 0}
    - target: {fileID: 4396988122849710397, guid: d8645800da04d39419f3182da962b1a1, type: 3}
      propertyPath: m_LocalRotation.y
      value: 0.7071068
      objectReference: {fileID: 0}
    - target: {fileID: 4396988122849710397, guid: d8645800da04d39419f3182da962b1a1, type: 3}
      propertyPath: m_LocalRotation.z
      value: 0
      objectReference: {fileID: 0}
    - target: {fileID: 4396988122849710397, guid: d8645800da04d39419f3182da962b1a1, type: 3}
      propertyPath: m_LocalEulerAnglesHint.x
      value: 0
      objectReference: {fileID: 0}
    - target: {fileID: 4396988122849710397, guid: d8645800da04d39419f3182da962b1a1, type: 3}
      propertyPath: m_LocalEulerAnglesHint.y
      value: 90
      objectReference: {fileID: 0}
    - target: {fileID: 4396988122849710397, guid: d8645800da04d39419f3182da962b1a1, type: 3}
      propertyPath: m_LocalEulerAnglesHint.z
      value: 0
      objectReference: {fileID: 0}
    - target: {fileID: 5100605169048107219, guid: d8645800da04d39419f3182da962b1a1, type: 3}
      propertyPath: targetType
      value: 1
      objectReference: {fileID: 0}
    - target: {fileID: 5695143438376696120, guid: d8645800da04d39419f3182da962b1a1, type: 3}
      propertyPath: m_Name
      value: Target (1)
      objectReference: {fileID: 0}
    - target: {fileID: 5695143438376696120, guid: d8645800da04d39419f3182da962b1a1, type: 3}
      propertyPath: m_Layer
      value: 19
      objectReference: {fileID: 0}
    m_RemovedComponents: []
    m_RemovedGameObjects: []
    m_AddedGameObjects: []
    m_AddedComponents: []
  m_SourcePrefab: {fileID: 100100000, guid: d8645800da04d39419f3182da962b1a1, type: 3}
--- !u!4 &3557024603558728376 stripped
Transform:
  m_CorrespondingSourceObject: {fileID: 4396988122849710397, guid: d8645800da04d39419f3182da962b1a1, type: 3}
  m_PrefabInstance: {fileID: 889507523451732869}
  m_PrefabAsset: {fileID: 0}
--- !u!1001 &1086244838504785603
PrefabInstance:
  m_ObjectHideFlags: 0
  serializedVersion: 2
  m_Modification:
    serializedVersion: 3
    m_TransformParent: {fileID: 5444560772780404958}
    m_Modifications:
    - target: {fileID: 4396988122849710397, guid: d8645800da04d39419f3182da962b1a1, type: 3}
      propertyPath: m_RootOrder
      value: 2
      objectReference: {fileID: 0}
    - target: {fileID: 4396988122849710397, guid: d8645800da04d39419f3182da962b1a1, type: 3}
      propertyPath: m_LocalScale.x
      value: 2.9
      objectReference: {fileID: 0}
    - target: {fileID: 4396988122849710397, guid: d8645800da04d39419f3182da962b1a1, type: 3}
      propertyPath: m_LocalPosition.x
      value: 4.83
      objectReference: {fileID: 0}
    - target: {fileID: 4396988122849710397, guid: d8645800da04d39419f3182da962b1a1, type: 3}
      propertyPath: m_LocalPosition.y
      value: 0
      objectReference: {fileID: 0}
    - target: {fileID: 4396988122849710397, guid: d8645800da04d39419f3182da962b1a1, type: 3}
      propertyPath: m_LocalPosition.z
      value: -6.37
      objectReference: {fileID: 0}
    - target: {fileID: 4396988122849710397, guid: d8645800da04d39419f3182da962b1a1, type: 3}
      propertyPath: m_LocalRotation.w
      value: 1
      objectReference: {fileID: 0}
    - target: {fileID: 4396988122849710397, guid: d8645800da04d39419f3182da962b1a1, type: 3}
      propertyPath: m_LocalRotation.x
      value: 0
      objectReference: {fileID: 0}
    - target: {fileID: 4396988122849710397, guid: d8645800da04d39419f3182da962b1a1, type: 3}
      propertyPath: m_LocalRotation.y
      value: 0
      objectReference: {fileID: 0}
    - target: {fileID: 4396988122849710397, guid: d8645800da04d39419f3182da962b1a1, type: 3}
      propertyPath: m_LocalRotation.z
      value: 0
      objectReference: {fileID: 0}
    - target: {fileID: 4396988122849710397, guid: d8645800da04d39419f3182da962b1a1, type: 3}
      propertyPath: m_LocalEulerAnglesHint.x
      value: 0
      objectReference: {fileID: 0}
    - target: {fileID: 4396988122849710397, guid: d8645800da04d39419f3182da962b1a1, type: 3}
      propertyPath: m_LocalEulerAnglesHint.y
      value: 0
      objectReference: {fileID: 0}
    - target: {fileID: 4396988122849710397, guid: d8645800da04d39419f3182da962b1a1, type: 3}
      propertyPath: m_LocalEulerAnglesHint.z
      value: 0
      objectReference: {fileID: 0}
    - target: {fileID: 5100605169048107219, guid: d8645800da04d39419f3182da962b1a1, type: 3}
      propertyPath: targetType
      value: 1
      objectReference: {fileID: 0}
    - target: {fileID: 5695143438376696120, guid: d8645800da04d39419f3182da962b1a1, type: 3}
      propertyPath: m_Name
      value: Target (2)
      objectReference: {fileID: 0}
    - target: {fileID: 5695143438376696120, guid: d8645800da04d39419f3182da962b1a1, type: 3}
      propertyPath: m_Layer
      value: 19
      objectReference: {fileID: 0}
    m_RemovedComponents: []
    m_RemovedGameObjects: []
    m_AddedGameObjects: []
    m_AddedComponents: []
  m_SourcePrefab: {fileID: 100100000, guid: d8645800da04d39419f3182da962b1a1, type: 3}
--- !u!4 &3609107929035995134 stripped
Transform:
  m_CorrespondingSourceObject: {fileID: 4396988122849710397, guid: d8645800da04d39419f3182da962b1a1, type: 3}
  m_PrefabInstance: {fileID: 1086244838504785603}
  m_PrefabAsset: {fileID: 0}
--- !u!1001 &2356717155122987734
PrefabInstance:
  m_ObjectHideFlags: 0
  serializedVersion: 2
  m_Modification:
    serializedVersion: 3
    m_TransformParent: {fileID: 5027835763155500855}
    m_Modifications:
    - target: {fileID: 4108536845801240378, guid: 1f55f68bc7770a04e8e2436e7476e044, type: 3}
      propertyPath: m_RootOrder
      value: 2
      objectReference: {fileID: 0}
    - target: {fileID: 4108536845801240378, guid: 1f55f68bc7770a04e8e2436e7476e044, type: 3}
      propertyPath: m_LocalPosition.x
      value: 0
      objectReference: {fileID: 0}
    - target: {fileID: 4108536845801240378, guid: 1f55f68bc7770a04e8e2436e7476e044, type: 3}
      propertyPath: m_LocalPosition.y
      value: 0
      objectReference: {fileID: 0}
    - target: {fileID: 4108536845801240378, guid: 1f55f68bc7770a04e8e2436e7476e044, type: 3}
      propertyPath: m_LocalPosition.z
      value: 0
      objectReference: {fileID: 0}
    - target: {fileID: 4108536845801240378, guid: 1f55f68bc7770a04e8e2436e7476e044, type: 3}
      propertyPath: m_LocalRotation.w
      value: 1
      objectReference: {fileID: 0}
    - target: {fileID: 4108536845801240378, guid: 1f55f68bc7770a04e8e2436e7476e044, type: 3}
      propertyPath: m_LocalRotation.x
      value: 0
      objectReference: {fileID: 0}
    - target: {fileID: 4108536845801240378, guid: 1f55f68bc7770a04e8e2436e7476e044, type: 3}
      propertyPath: m_LocalRotation.y
      value: 0
      objectReference: {fileID: 0}
    - target: {fileID: 4108536845801240378, guid: 1f55f68bc7770a04e8e2436e7476e044, type: 3}
      propertyPath: m_LocalRotation.z
      value: 0
      objectReference: {fileID: 0}
    - target: {fileID: 4108536845801240378, guid: 1f55f68bc7770a04e8e2436e7476e044, type: 3}
      propertyPath: m_LocalEulerAnglesHint.x
      value: 0
      objectReference: {fileID: 0}
    - target: {fileID: 4108536845801240378, guid: 1f55f68bc7770a04e8e2436e7476e044, type: 3}
      propertyPath: m_LocalEulerAnglesHint.y
      value: 0
      objectReference: {fileID: 0}
    - target: {fileID: 4108536845801240378, guid: 1f55f68bc7770a04e8e2436e7476e044, type: 3}
      propertyPath: m_LocalEulerAnglesHint.z
      value: 0
      objectReference: {fileID: 0}
    - target: {fileID: 4108536845801240379, guid: 1f55f68bc7770a04e8e2436e7476e044, type: 3}
      propertyPath: m_Name
      value: AmbienteBase
      objectReference: {fileID: 0}
    m_RemovedComponents: []
    m_RemovedGameObjects: []
    m_AddedGameObjects: []
    m_AddedComponents: []
  m_SourcePrefab: {fileID: 100100000, guid: 1f55f68bc7770a04e8e2436e7476e044, type: 3}
--- !u!4 &1851201249357788652 stripped
Transform:
  m_CorrespondingSourceObject: {fileID: 4108536845801240378, guid: 1f55f68bc7770a04e8e2436e7476e044, type: 3}
  m_PrefabInstance: {fileID: 2356717155122987734}
  m_PrefabAsset: {fileID: 0}
--- !u!1001 &4002621661323458637
PrefabInstance:
  m_ObjectHideFlags: 0
  serializedVersion: 2
  m_Modification:
    serializedVersion: 3
    m_TransformParent: {fileID: 5444560772780404958}
    m_Modifications:
    - target: {fileID: 4396988122849710397, guid: d8645800da04d39419f3182da962b1a1, type: 3}
      propertyPath: m_RootOrder
      value: 0
      objectReference: {fileID: 0}
    - target: {fileID: 4396988122849710397, guid: d8645800da04d39419f3182da962b1a1, type: 3}
      propertyPath: m_LocalPosition.x
      value: -8.18
      objectReference: {fileID: 0}
    - target: {fileID: 4396988122849710397, guid: d8645800da04d39419f3182da962b1a1, type: 3}
      propertyPath: m_LocalPosition.y
      value: 0
      objectReference: {fileID: 0}
    - target: {fileID: 4396988122849710397, guid: d8645800da04d39419f3182da962b1a1, type: 3}
      propertyPath: m_LocalPosition.z
      value: -3.12
      objectReference: {fileID: 0}
    - target: {fileID: 4396988122849710397, guid: d8645800da04d39419f3182da962b1a1, type: 3}
      propertyPath: m_LocalRotation.w
      value: 1
      objectReference: {fileID: 0}
    - target: {fileID: 4396988122849710397, guid: d8645800da04d39419f3182da962b1a1, type: 3}
      propertyPath: m_LocalRotation.x
      value: 0
      objectReference: {fileID: 0}
    - target: {fileID: 4396988122849710397, guid: d8645800da04d39419f3182da962b1a1, type: 3}
      propertyPath: m_LocalRotation.y
      value: 0
      objectReference: {fileID: 0}
    - target: {fileID: 4396988122849710397, guid: d8645800da04d39419f3182da962b1a1, type: 3}
      propertyPath: m_LocalRotation.z
      value: 0
      objectReference: {fileID: 0}
    - target: {fileID: 4396988122849710397, guid: d8645800da04d39419f3182da962b1a1, type: 3}
      propertyPath: m_LocalEulerAnglesHint.x
      value: 0
      objectReference: {fileID: 0}
    - target: {fileID: 4396988122849710397, guid: d8645800da04d39419f3182da962b1a1, type: 3}
      propertyPath: m_LocalEulerAnglesHint.y
      value: 0
      objectReference: {fileID: 0}
    - target: {fileID: 4396988122849710397, guid: d8645800da04d39419f3182da962b1a1, type: 3}
      propertyPath: m_LocalEulerAnglesHint.z
      value: 0
      objectReference: {fileID: 0}
    - target: {fileID: 5100605169048107219, guid: d8645800da04d39419f3182da962b1a1, type: 3}
      propertyPath: targetType
      value: 1
      objectReference: {fileID: 0}
    - target: {fileID: 5695143438376696120, guid: d8645800da04d39419f3182da962b1a1, type: 3}
      propertyPath: m_Name
      value: Target
      objectReference: {fileID: 0}
    - target: {fileID: 5695143438376696120, guid: d8645800da04d39419f3182da962b1a1, type: 3}
      propertyPath: m_Layer
      value: 19
      objectReference: {fileID: 0}
    m_RemovedComponents: []
    m_RemovedGameObjects: []
    m_AddedGameObjects: []
    m_AddedComponents: []
  m_SourcePrefab: {fileID: 100100000, guid: d8645800da04d39419f3182da962b1a1, type: 3}
--- !u!4 &759162577210468720 stripped
Transform:
  m_CorrespondingSourceObject: {fileID: 4396988122849710397, guid: d8645800da04d39419f3182da962b1a1, type: 3}
  m_PrefabInstance: {fileID: 4002621661323458637}
  m_PrefabAsset: {fileID: 0}
--- !u!1001 &5091530398379253015
PrefabInstance:
  m_ObjectHideFlags: 0
  serializedVersion: 2
  m_Modification:
    serializedVersion: 3
    m_TransformParent: {fileID: 5444560772780404958}
    m_Modifications:
    - target: {fileID: 4396988122849710397, guid: d8645800da04d39419f3182da962b1a1, type: 3}
      propertyPath: m_RootOrder
      value: 8
      objectReference: {fileID: 0}
    - target: {fileID: 4396988122849710397, guid: d8645800da04d39419f3182da962b1a1, type: 3}
      propertyPath: m_LocalScale.x
      value: 2.55
      objectReference: {fileID: 0}
    - target: {fileID: 4396988122849710397, guid: d8645800da04d39419f3182da962b1a1, type: 3}
      propertyPath: m_LocalScale.z
      value: 1.35
      objectReference: {fileID: 0}
    - target: {fileID: 4396988122849710397, guid: d8645800da04d39419f3182da962b1a1, type: 3}
      propertyPath: m_LocalPosition.x
      value: -8.23
      objectReference: {fileID: 0}
    - target: {fileID: 4396988122849710397, guid: d8645800da04d39419f3182da962b1a1, type: 3}
      propertyPath: m_LocalPosition.y
      value: 0
      objectReference: {fileID: 0}
    - target: {fileID: 4396988122849710397, guid: d8645800da04d39419f3182da962b1a1, type: 3}
      propertyPath: m_LocalPosition.z
      value: 8.83
      objectReference: {fileID: 0}
    - target: {fileID: 4396988122849710397, guid: d8645800da04d39419f3182da962b1a1, type: 3}
      propertyPath: m_LocalRotation.w
      value: 1
      objectReference: {fileID: 0}
    - target: {fileID: 4396988122849710397, guid: d8645800da04d39419f3182da962b1a1, type: 3}
      propertyPath: m_LocalRotation.x
      value: 0
      objectReference: {fileID: 0}
    - target: {fileID: 4396988122849710397, guid: d8645800da04d39419f3182da962b1a1, type: 3}
      propertyPath: m_LocalRotation.y
      value: 0
      objectReference: {fileID: 0}
    - target: {fileID: 4396988122849710397, guid: d8645800da04d39419f3182da962b1a1, type: 3}
      propertyPath: m_LocalRotation.z
      value: 0
      objectReference: {fileID: 0}
    - target: {fileID: 4396988122849710397, guid: d8645800da04d39419f3182da962b1a1, type: 3}
      propertyPath: m_LocalEulerAnglesHint.x
      value: 0
      objectReference: {fileID: 0}
    - target: {fileID: 4396988122849710397, guid: d8645800da04d39419f3182da962b1a1, type: 3}
      propertyPath: m_LocalEulerAnglesHint.y
      value: 0
      objectReference: {fileID: 0}
    - target: {fileID: 4396988122849710397, guid: d8645800da04d39419f3182da962b1a1, type: 3}
      propertyPath: m_LocalEulerAnglesHint.z
      value: 0
      objectReference: {fileID: 0}
    - target: {fileID: 5100605169048107219, guid: d8645800da04d39419f3182da962b1a1, type: 3}
      propertyPath: targetType
      value: 0
      objectReference: {fileID: 0}
    - target: {fileID: 5695143438376696120, guid: d8645800da04d39419f3182da962b1a1, type: 3}
      propertyPath: m_Name
      value: Target (8)
      objectReference: {fileID: 0}
    - target: {fileID: 5695143438376696120, guid: d8645800da04d39419f3182da962b1a1, type: 3}
      propertyPath: m_Layer
      value: 16
      objectReference: {fileID: 0}
    m_RemovedComponents: []
    m_RemovedGameObjects: []
    m_AddedGameObjects: []
    m_AddedComponents: []
  m_SourcePrefab: {fileID: 100100000, guid: d8645800da04d39419f3182da962b1a1, type: 3}
--- !u!4 &8911922780248607786 stripped
Transform:
  m_CorrespondingSourceObject: {fileID: 4396988122849710397, guid: d8645800da04d39419f3182da962b1a1, type: 3}
  m_PrefabInstance: {fileID: 5091530398379253015}
  m_PrefabAsset: {fileID: 0}
--- !u!1001 &5769525724918283721
PrefabInstance:
  m_ObjectHideFlags: 0
  serializedVersion: 2
  m_Modification:
    serializedVersion: 3
    m_TransformParent: {fileID: 5444560772780404958}
    m_Modifications:
    - target: {fileID: 4396988122849710397, guid: d8645800da04d39419f3182da962b1a1, type: 3}
      propertyPath: m_RootOrder
      value: 7
      objectReference: {fileID: 0}
    - target: {fileID: 4396988122849710397, guid: d8645800da04d39419f3182da962b1a1, type: 3}
      propertyPath: m_LocalScale.x
      value: 2.75
      objectReference: {fileID: 0}
    - target: {fileID: 4396988122849710397, guid: d8645800da04d39419f3182da962b1a1, type: 3}
      propertyPath: m_LocalPosition.x
      value: -6.58
      objectReference: {fileID: 0}
    - target: {fileID: 4396988122849710397, guid: d8645800da04d39419f3182da962b1a1, type: 3}
      propertyPath: m_LocalPosition.y
      value: 0
      objectReference: {fileID: 0}
    - target: {fileID: 4396988122849710397, guid: d8645800da04d39419f3182da962b1a1, type: 3}
      propertyPath: m_LocalPosition.z
      value: 1.42
      objectReference: {fileID: 0}
    - target: {fileID: 4396988122849710397, guid: d8645800da04d39419f3182da962b1a1, type: 3}
      propertyPath: m_LocalRotation.w
      value: 0.7071068
      objectReference: {fileID: 0}
    - target: {fileID: 4396988122849710397, guid: d8645800da04d39419f3182da962b1a1, type: 3}
      propertyPath: m_LocalRotation.x
      value: 0
      objectReference: {fileID: 0}
    - target: {fileID: 4396988122849710397, guid: d8645800da04d39419f3182da962b1a1, type: 3}
      propertyPath: m_LocalRotation.y
      value: 0.7071068
      objectReference: {fileID: 0}
    - target: {fileID: 4396988122849710397, guid: d8645800da04d39419f3182da962b1a1, type: 3}
      propertyPath: m_LocalRotation.z
      value: 0
      objectReference: {fileID: 0}
    - target: {fileID: 4396988122849710397, guid: d8645800da04d39419f3182da962b1a1, type: 3}
      propertyPath: m_LocalEulerAnglesHint.x
      value: 0
      objectReference: {fileID: 0}
    - target: {fileID: 4396988122849710397, guid: d8645800da04d39419f3182da962b1a1, type: 3}
      propertyPath: m_LocalEulerAnglesHint.y
      value: 90
      objectReference: {fileID: 0}
    - target: {fileID: 4396988122849710397, guid: d8645800da04d39419f3182da962b1a1, type: 3}
      propertyPath: m_LocalEulerAnglesHint.z
      value: 0
      objectReference: {fileID: 0}
    - target: {fileID: 5100605169048107219, guid: d8645800da04d39419f3182da962b1a1, type: 3}
      propertyPath: targetType
      value: 1
      objectReference: {fileID: 0}
    - target: {fileID: 5695143438376696120, guid: d8645800da04d39419f3182da962b1a1, type: 3}
      propertyPath: m_Name
      value: Target (7)
      objectReference: {fileID: 0}
    - target: {fileID: 5695143438376696120, guid: d8645800da04d39419f3182da962b1a1, type: 3}
      propertyPath: m_Layer
      value: 19
      objectReference: {fileID: 0}
    m_RemovedComponents: []
    m_RemovedGameObjects: []
    m_AddedGameObjects: []
    m_AddedComponents: []
  m_SourcePrefab: {fileID: 100100000, guid: d8645800da04d39419f3182da962b1a1, type: 3}
--- !u!4 &7859982509644901620 stripped
Transform:
  m_CorrespondingSourceObject: {fileID: 4396988122849710397, guid: d8645800da04d39419f3182da962b1a1, type: 3}
  m_PrefabInstance: {fileID: 5769525724918283721}
  m_PrefabAsset: {fileID: 0}
--- !u!1001 &6384611780066872291
PrefabInstance:
  m_ObjectHideFlags: 0
  serializedVersion: 2
  m_Modification:
    serializedVersion: 3
    m_TransformParent: {fileID: 5444560772780404958}
    m_Modifications:
    - target: {fileID: 4396988122849710397, guid: d8645800da04d39419f3182da962b1a1, type: 3}
      propertyPath: m_RootOrder
      value: 3
      objectReference: {fileID: 0}
    - target: {fileID: 4396988122849710397, guid: d8645800da04d39419f3182da962b1a1, type: 3}
      propertyPath: m_LocalScale.x
      value: 2.75
      objectReference: {fileID: 0}
    - target: {fileID: 4396988122849710397, guid: d8645800da04d39419f3182da962b1a1, type: 3}
      propertyPath: m_LocalPosition.x
      value: 6.64
      objectReference: {fileID: 0}
    - target: {fileID: 4396988122849710397, guid: d8645800da04d39419f3182da962b1a1, type: 3}
      propertyPath: m_LocalPosition.y
      value: 0
      objectReference: {fileID: 0}
    - target: {fileID: 4396988122849710397, guid: d8645800da04d39419f3182da962b1a1, type: 3}
      propertyPath: m_LocalPosition.z
      value: -8.29
      objectReference: {fileID: 0}
    - target: {fileID: 4396988122849710397, guid: d8645800da04d39419f3182da962b1a1, type: 3}
      propertyPath: m_LocalRotation.w
      value: 0.7071068
      objectReference: {fileID: 0}
    - target: {fileID: 4396988122849710397, guid: d8645800da04d39419f3182da962b1a1, type: 3}
      propertyPath: m_LocalRotation.x
      value: 0
      objectReference: {fileID: 0}
    - target: {fileID: 4396988122849710397, guid: d8645800da04d39419f3182da962b1a1, type: 3}
      propertyPath: m_LocalRotation.y
      value: 0.7071068
      objectReference: {fileID: 0}
    - target: {fileID: 4396988122849710397, guid: d8645800da04d39419f3182da962b1a1, type: 3}
      propertyPath: m_LocalRotation.z
      value: 0
      objectReference: {fileID: 0}
    - target: {fileID: 4396988122849710397, guid: d8645800da04d39419f3182da962b1a1, type: 3}
      propertyPath: m_LocalEulerAnglesHint.x
      value: 0
      objectReference: {fileID: 0}
    - target: {fileID: 4396988122849710397, guid: d8645800da04d39419f3182da962b1a1, type: 3}
      propertyPath: m_LocalEulerAnglesHint.y
      value: 90
      objectReference: {fileID: 0}
    - target: {fileID: 4396988122849710397, guid: d8645800da04d39419f3182da962b1a1, type: 3}
      propertyPath: m_LocalEulerAnglesHint.z
      value: 0
      objectReference: {fileID: 0}
    - target: {fileID: 5100605169048107219, guid: d8645800da04d39419f3182da962b1a1, type: 3}
      propertyPath: targetType
      value: 1
      objectReference: {fileID: 0}
    - target: {fileID: 5695143438376696120, guid: d8645800da04d39419f3182da962b1a1, type: 3}
      propertyPath: m_Name
      value: Target (3)
      objectReference: {fileID: 0}
    - target: {fileID: 5695143438376696120, guid: d8645800da04d39419f3182da962b1a1, type: 3}
      propertyPath: m_Layer
      value: 19
      objectReference: {fileID: 0}
    m_RemovedComponents: []
    m_RemovedGameObjects: []
    m_AddedGameObjects: []
    m_AddedComponents: []
  m_SourcePrefab: {fileID: 100100000, guid: d8645800da04d39419f3182da962b1a1, type: 3}
--- !u!4 &7322729784171600606 stripped
Transform:
  m_CorrespondingSourceObject: {fileID: 4396988122849710397, guid: d8645800da04d39419f3182da962b1a1, type: 3}
  m_PrefabInstance: {fileID: 6384611780066872291}
  m_PrefabAsset: {fileID: 0}
--- !u!1001 &6988925764220947650
PrefabInstance:
  m_ObjectHideFlags: 0
  serializedVersion: 2
  m_Modification:
    serializedVersion: 3
    m_TransformParent: {fileID: 5444560772780404958}
    m_Modifications:
    - target: {fileID: 4396988122849710397, guid: d8645800da04d39419f3182da962b1a1, type: 3}
      propertyPath: m_RootOrder
      value: 4
      objectReference: {fileID: 0}
    - target: {fileID: 4396988122849710397, guid: d8645800da04d39419f3182da962b1a1, type: 3}
      propertyPath: m_LocalScale.x
      value: 2.75
      objectReference: {fileID: 0}
    - target: {fileID: 4396988122849710397, guid: d8645800da04d39419f3182da962b1a1, type: 3}
      propertyPath: m_LocalPosition.x
      value: 8.34
      objectReference: {fileID: 0}
    - target: {fileID: 4396988122849710397, guid: d8645800da04d39419f3182da962b1a1, type: 3}
      propertyPath: m_LocalPosition.y
      value: 0
      objectReference: {fileID: 0}
    - target: {fileID: 4396988122849710397, guid: d8645800da04d39419f3182da962b1a1, type: 3}
      propertyPath: m_LocalPosition.z
      value: 6.38
      objectReference: {fileID: 0}
    - target: {fileID: 4396988122849710397, guid: d8645800da04d39419f3182da962b1a1, type: 3}
      propertyPath: m_LocalRotation.w
      value: 1
      objectReference: {fileID: 0}
    - target: {fileID: 4396988122849710397, guid: d8645800da04d39419f3182da962b1a1, type: 3}
      propertyPath: m_LocalRotation.x
      value: 0
      objectReference: {fileID: 0}
    - target: {fileID: 4396988122849710397, guid: d8645800da04d39419f3182da962b1a1, type: 3}
      propertyPath: m_LocalRotation.y
      value: 0
      objectReference: {fileID: 0}
    - target: {fileID: 4396988122849710397, guid: d8645800da04d39419f3182da962b1a1, type: 3}
      propertyPath: m_LocalRotation.z
      value: 0
      objectReference: {fileID: 0}
    - target: {fileID: 4396988122849710397, guid: d8645800da04d39419f3182da962b1a1, type: 3}
      propertyPath: m_LocalEulerAnglesHint.x
      value: 0
      objectReference: {fileID: 0}
    - target: {fileID: 4396988122849710397, guid: d8645800da04d39419f3182da962b1a1, type: 3}
      propertyPath: m_LocalEulerAnglesHint.y
      value: 0
      objectReference: {fileID: 0}
    - target: {fileID: 4396988122849710397, guid: d8645800da04d39419f3182da962b1a1, type: 3}
      propertyPath: m_LocalEulerAnglesHint.z
      value: 0
      objectReference: {fileID: 0}
    - target: {fileID: 5100605169048107219, guid: d8645800da04d39419f3182da962b1a1, type: 3}
      propertyPath: targetType
      value: 1
      objectReference: {fileID: 0}
    - target: {fileID: 5695143438376696120, guid: d8645800da04d39419f3182da962b1a1, type: 3}
      propertyPath: m_Name
      value: Target (4)
      objectReference: {fileID: 0}
    - target: {fileID: 5695143438376696120, guid: d8645800da04d39419f3182da962b1a1, type: 3}
      propertyPath: m_Layer
      value: 19
      objectReference: {fileID: 0}
    m_RemovedComponents: []
    m_RemovedGameObjects: []
    m_AddedGameObjects: []
    m_AddedComponents: []
  m_SourcePrefab: {fileID: 100100000, guid: d8645800da04d39419f3182da962b1a1, type: 3}
--- !u!4 &6771333095043276287 stripped
Transform:
  m_CorrespondingSourceObject: {fileID: 4396988122849710397, guid: d8645800da04d39419f3182da962b1a1, type: 3}
  m_PrefabInstance: {fileID: 6988925764220947650}
  m_PrefabAsset: {fileID: 0}
--- !u!1001 &8018416425000425728
PrefabInstance:
  m_ObjectHideFlags: 0
  serializedVersion: 2
  m_Modification:
    serializedVersion: 3
    m_TransformParent: {fileID: 5444560772780404958}
    m_Modifications:
    - target: {fileID: 4396988122849710397, guid: d8645800da04d39419f3182da962b1a1, type: 3}
      propertyPath: m_RootOrder
      value: 5
      objectReference: {fileID: 0}
    - target: {fileID: 4396988122849710397, guid: d8645800da04d39419f3182da962b1a1, type: 3}
      propertyPath: m_LocalScale.x
      value: 2.75
      objectReference: {fileID: 0}
    - target: {fileID: 4396988122849710397, guid: d8645800da04d39419f3182da962b1a1, type: 3}
      propertyPath: m_LocalPosition.x
      value: 6.54
      objectReference: {fileID: 0}
    - target: {fileID: 4396988122849710397, guid: d8645800da04d39419f3182da962b1a1, type: 3}
      propertyPath: m_LocalPosition.y
      value: 0
      objectReference: {fileID: 0}
    - target: {fileID: 4396988122849710397, guid: d8645800da04d39419f3182da962b1a1, type: 3}
      propertyPath: m_LocalPosition.z
      value: 8.33
      objectReference: {fileID: 0}
    - target: {fileID: 4396988122849710397, guid: d8645800da04d39419f3182da962b1a1, type: 3}
      propertyPath: m_LocalRotation.w
      value: 0.7071068
      objectReference: {fileID: 0}
    - target: {fileID: 4396988122849710397, guid: d8645800da04d39419f3182da962b1a1, type: 3}
      propertyPath: m_LocalRotation.x
      value: 0
      objectReference: {fileID: 0}
    - target: {fileID: 4396988122849710397, guid: d8645800da04d39419f3182da962b1a1, type: 3}
      propertyPath: m_LocalRotation.y
      value: 0.7071068
      objectReference: {fileID: 0}
    - target: {fileID: 4396988122849710397, guid: d8645800da04d39419f3182da962b1a1, type: 3}
      propertyPath: m_LocalRotation.z
      value: 0
      objectReference: {fileID: 0}
    - target: {fileID: 4396988122849710397, guid: d8645800da04d39419f3182da962b1a1, type: 3}
      propertyPath: m_LocalEulerAnglesHint.x
      value: 0
      objectReference: {fileID: 0}
    - target: {fileID: 4396988122849710397, guid: d8645800da04d39419f3182da962b1a1, type: 3}
      propertyPath: m_LocalEulerAnglesHint.y
      value: 90
      objectReference: {fileID: 0}
    - target: {fileID: 4396988122849710397, guid: d8645800da04d39419f3182da962b1a1, type: 3}
      propertyPath: m_LocalEulerAnglesHint.z
      value: 0
      objectReference: {fileID: 0}
    - target: {fileID: 5100605169048107219, guid: d8645800da04d39419f3182da962b1a1, type: 3}
      propertyPath: targetType
      value: 1
      objectReference: {fileID: 0}
    - target: {fileID: 5695143438376696120, guid: d8645800da04d39419f3182da962b1a1, type: 3}
      propertyPath: m_Name
      value: Target (5)
      objectReference: {fileID: 0}
    - target: {fileID: 5695143438376696120, guid: d8645800da04d39419f3182da962b1a1, type: 3}
      propertyPath: m_Layer
      value: 19
      objectReference: {fileID: 0}
    m_RemovedComponents: []
    m_RemovedGameObjects: []
    m_AddedGameObjects: []
    m_AddedComponents: []
  m_SourcePrefab: {fileID: 100100000, guid: d8645800da04d39419f3182da962b1a1, type: 3}
--- !u!4 &5927333214998710333 stripped
Transform:
  m_CorrespondingSourceObject: {fileID: 4396988122849710397, guid: d8645800da04d39419f3182da962b1a1, type: 3}
  m_PrefabInstance: {fileID: 8018416425000425728}
  m_PrefabAsset: {fileID: 0}
--- !u!1001 &8941883870150451164
PrefabInstance:
  m_ObjectHideFlags: 0
  serializedVersion: 2
  m_Modification:
    serializedVersion: 3
    m_TransformParent: {fileID: 489080840739597706}
    m_Modifications:
    - target: {fileID: 336504708005571761, guid: d71f22963718fbf4b8642175a5beb606, type: 3}
      propertyPath: group
      value: 1
      objectReference: {fileID: 0}
    - target: {fileID: 8215472406520892164, guid: d71f22963718fbf4b8642175a5beb606, type: 3}
      propertyPath: m_Name
      value: Agent
      objectReference: {fileID: 0}
    - target: {fileID: 8215472406520892164, guid: d71f22963718fbf4b8642175a5beb606, type: 3}
      propertyPath: m_IsActive
      value: 1
      objectReference: {fileID: 0}
    - target: {fileID: 8215472406520892167, guid: d71f22963718fbf4b8642175a5beb606, type: 3}
      propertyPath: m_RootOrder
      value: 0
      objectReference: {fileID: 0}
    - target: {fileID: 8215472406520892167, guid: d71f22963718fbf4b8642175a5beb606, type: 3}
      propertyPath: m_LocalPosition.x
      value: 0.1
      objectReference: {fileID: 0}
    - target: {fileID: 8215472406520892167, guid: d71f22963718fbf4b8642175a5beb606, type: 3}
      propertyPath: m_LocalPosition.y
      value: 0
      objectReference: {fileID: 0}
    - target: {fileID: 8215472406520892167, guid: d71f22963718fbf4b8642175a5beb606, type: 3}
      propertyPath: m_LocalPosition.z
      value: -7.85
      objectReference: {fileID: 0}
    - target: {fileID: 8215472406520892167, guid: d71f22963718fbf4b8642175a5beb606, type: 3}
      propertyPath: m_LocalRotation.w
      value: 1
      objectReference: {fileID: 0}
    - target: {fileID: 8215472406520892167, guid: d71f22963718fbf4b8642175a5beb606, type: 3}
      propertyPath: m_LocalRotation.x
      value: -0
      objectReference: {fileID: 0}
    - target: {fileID: 8215472406520892167, guid: d71f22963718fbf4b8642175a5beb606, type: 3}
      propertyPath: m_LocalRotation.y
      value: -0
      objectReference: {fileID: 0}
    - target: {fileID: 8215472406520892167, guid: d71f22963718fbf4b8642175a5beb606, type: 3}
      propertyPath: m_LocalRotation.z
      value: -0
      objectReference: {fileID: 0}
    - target: {fileID: 8215472406520892167, guid: d71f22963718fbf4b8642175a5beb606, type: 3}
      propertyPath: m_LocalEulerAnglesHint.x
      value: 0
      objectReference: {fileID: 0}
    - target: {fileID: 8215472406520892167, guid: d71f22963718fbf4b8642175a5beb606, type: 3}
      propertyPath: m_LocalEulerAnglesHint.y
      value: 0
      objectReference: {fileID: 0}
    - target: {fileID: 8215472406520892167, guid: d71f22963718fbf4b8642175a5beb606, type: 3}
      propertyPath: m_LocalEulerAnglesHint.z
      value: 0
      objectReference: {fileID: 0}
    m_RemovedComponents: []
    m_RemovedGameObjects: []
    m_AddedGameObjects: []
    m_AddedComponents: []
  m_SourcePrefab: {fileID: 100100000, guid: d71f22963718fbf4b8642175a5beb606, type: 3}
--- !u!4 &1014660806378214619 stripped
Transform:
  m_CorrespondingSourceObject: {fileID: 8215472406520892167, guid: d71f22963718fbf4b8642175a5beb606, type: 3}
  m_PrefabInstance: {fileID: 8941883870150451164}
  m_PrefabAsset: {fileID: 0}
--- !u!1001 &8963204505122291921
PrefabInstance:
  m_ObjectHideFlags: 0
  serializedVersion: 2
  m_Modification:
    serializedVersion: 3
    m_TransformParent: {fileID: 5027835763155500855}
    m_Modifications:
    - target: {fileID: 7029880133630607927, guid: c6363ce501579254297ef5b80ffb67fc, type: 3}
      propertyPath: m_Name
      value: Canvas
      objectReference: {fileID: 0}
    - target: {fileID: 8467593278458667575, guid: c6363ce501579254297ef5b80ffb67fc, type: 3}
      propertyPath: m_Pivot.x
      value: 1
      objectReference: {fileID: 0}
    - target: {fileID: 8467593278458667575, guid: c6363ce501579254297ef5b80ffb67fc, type: 3}
      propertyPath: m_Pivot.y
      value: 1
      objectReference: {fileID: 0}
    - target: {fileID: 8467593278458667575, guid: c6363ce501579254297ef5b80ffb67fc, type: 3}
      propertyPath: m_RootOrder
      value: 4
      objectReference: {fileID: 0}
    - target: {fileID: 8467593278458667575, guid: c6363ce501579254297ef5b80ffb67fc, type: 3}
      propertyPath: m_AnchorMax.x
      value: 0
      objectReference: {fileID: 0}
    - target: {fileID: 8467593278458667575, guid: c6363ce501579254297ef5b80ffb67fc, type: 3}
      propertyPath: m_AnchorMax.y
      value: 0
      objectReference: {fileID: 0}
    - target: {fileID: 8467593278458667575, guid: c6363ce501579254297ef5b80ffb67fc, type: 3}
      propertyPath: m_AnchorMin.x
      value: 0
      objectReference: {fileID: 0}
    - target: {fileID: 8467593278458667575, guid: c6363ce501579254297ef5b80ffb67fc, type: 3}
      propertyPath: m_AnchorMin.y
      value: 0
      objectReference: {fileID: 0}
    - target: {fileID: 8467593278458667575, guid: c6363ce501579254297ef5b80ffb67fc, type: 3}
      propertyPath: m_SizeDelta.x
      value: 0
      objectReference: {fileID: 0}
    - target: {fileID: 8467593278458667575, guid: c6363ce501579254297ef5b80ffb67fc, type: 3}
      propertyPath: m_SizeDelta.y
      value: 0
      objectReference: {fileID: 0}
    - target: {fileID: 8467593278458667575, guid: c6363ce501579254297ef5b80ffb67fc, type: 3}
      propertyPath: m_LocalPosition.x
      value: 0
      objectReference: {fileID: 0}
    - target: {fileID: 8467593278458667575, guid: c6363ce501579254297ef5b80ffb67fc, type: 3}
      propertyPath: m_LocalPosition.y
      value: 0
      objectReference: {fileID: 0}
    - target: {fileID: 8467593278458667575, guid: c6363ce501579254297ef5b80ffb67fc, type: 3}
      propertyPath: m_LocalPosition.z
      value: -2.55
      objectReference: {fileID: 0}
    - target: {fileID: 8467593278458667575, guid: c6363ce501579254297ef5b80ffb67fc, type: 3}
      propertyPath: m_LocalRotation.w
      value: 0.7071068
      objectReference: {fileID: 0}
    - target: {fileID: 8467593278458667575, guid: c6363ce501579254297ef5b80ffb67fc, type: 3}
      propertyPath: m_LocalRotation.x
      value: 0.7071068
      objectReference: {fileID: 0}
    - target: {fileID: 8467593278458667575, guid: c6363ce501579254297ef5b80ffb67fc, type: 3}
      propertyPath: m_LocalRotation.y
      value: -0
      objectReference: {fileID: 0}
    - target: {fileID: 8467593278458667575, guid: c6363ce501579254297ef5b80ffb67fc, type: 3}
      propertyPath: m_LocalRotation.z
      value: -0
      objectReference: {fileID: 0}
    - target: {fileID: 8467593278458667575, guid: c6363ce501579254297ef5b80ffb67fc, type: 3}
      propertyPath: m_AnchoredPosition.x
      value: 0
      objectReference: {fileID: 0}
    - target: {fileID: 8467593278458667575, guid: c6363ce501579254297ef5b80ffb67fc, type: 3}
      propertyPath: m_AnchoredPosition.y
      value: 0
      objectReference: {fileID: 0}
    - target: {fileID: 8467593278458667575, guid: c6363ce501579254297ef5b80ffb67fc, type: 3}
      propertyPath: m_LocalEulerAnglesHint.x
      value: 90
      objectReference: {fileID: 0}
    - target: {fileID: 8467593278458667575, guid: c6363ce501579254297ef5b80ffb67fc, type: 3}
      propertyPath: m_LocalEulerAnglesHint.y
      value: 90
      objectReference: {fileID: 0}
    - target: {fileID: 8467593278458667575, guid: c6363ce501579254297ef5b80ffb67fc, type: 3}
      propertyPath: m_LocalEulerAnglesHint.z
      value: 90
      objectReference: {fileID: 0}
    m_RemovedComponents: []
    m_RemovedGameObjects: []
    m_AddedGameObjects: []
    m_AddedComponents: []
  m_SourcePrefab: {fileID: 100100000, guid: c6363ce501579254297ef5b80ffb67fc, type: 3}
--- !u!224 &711951625010111206 stripped
RectTransform:
  m_CorrespondingSourceObject: {fileID: 8467593278458667575, guid: c6363ce501579254297ef5b80ffb67fc, type: 3}
  m_PrefabInstance: {fileID: 8963204505122291921}
  m_PrefabAsset: {fileID: 0}
--- !u!114 &3316366693480017734 stripped
MonoBehaviour:
  m_CorrespondingSourceObject: {fileID: 5937339622755331991, guid: c6363ce501579254297ef5b80ffb67fc, type: 3}
  m_PrefabInstance: {fileID: 8963204505122291921}
  m_PrefabAsset: {fileID: 0}
  m_GameObject: {fileID: 0}
  m_Enabled: 1
  m_EditorHideFlags: 0
  m_Script: {fileID: 11500000, guid: 5f7201a12d95ffc409449d95f23cf332, type: 3}
  m_Name: 
  m_EditorClassIdentifier: 
